 Dungeon Crawl Stone Soup version 0.30.0-5-g1a98f26d00 (webtiles) character file.

Game seed: 3099459342780898602

8477 ProzacElf the Warmonger (level 11, -8/86 HPs)
             Began as a Demonspawn Gladiator on May 8, 2023.
             Was a High Priest of Okawaru.
             Mangled by a wyvern (13 damage)
             ... on level 10 of the Dungeon.
             The game lasted 00:31:31 (11261 turns).

ProzacElf the Warmonger (Demonspawn Gladiator)     Turns: 11261, Time: 00:31:31

Health: -8/86      AC: 13    Str: 20    XL:     11   Next: 10%
Magic:  13/18      EV: 13    Int:  9    God:    Okawaru [*****.]
Gold:   121        SH:  0    Dex: 20    Spells: 10/10 levels left

rFire   . . .        a - +0 long sword (flame)
rCold   . . .        (no shield)
rNeg    . . .        p - +0 scale mail {Will+}
rPois   +            (helmet unavailable)
rElec   .            I - +0 cloak {Stlth+}
rCorr   .            (no gloves)
SInv    +            (no boots)
Will    +....        v - amulet of regeneration
Stlth   +++          r - ring of poison resistance
HPRegen 1.14/turn    h - +6 ring of dexterity
MPRegen 0.16/turn

%: no passive effects
@: finesse-ful, corroded, sanguine armoured, unable to read
A: antennae 3, ignite blood 1, spiny 1, sanguine armour 2, talons 1, robust 1,
inability to read after injury 1
a: Renounce Religion, Heroism, Finesse, Duel


You were on level 10 of the Dungeon.
You worshipped Okawaru.
Okawaru was extremely pleased with you.
You visited 2 branches of the dungeon, and saw 11 of its levels.
You also visited: Sewer.

You collected 481 gold pieces.
You spent 360 gold pieces at shops.

Inventory:

Hand Weapons
 a - a +0 long sword of flaming (weapon)
 b - a +1 whip of venom
 C - a +1 hand axe of electrocution
 F - a +0 short sword of venom
 L - a +3 falchion
 P - a +1 scimitar of protection
Missiles
 d - 3 throwing nets
 e - 8 javelins
 k - 30 poisoned darts (quivered)
 y - 10 boomerangs
 D - 2 curare-tipped darts
Armour
 p - a +0 scale mail of willpower (worn)
 q - an orb of light
 I - a +0 cloak of stealth (worn)
 K - the +4 chain mail "Jymaryz" {rF+ Str-4 SInv}
   (Okawaru gifted it to you on level 9 of the Dungeon)

   Str:       It affects your strength (-4).
   rF:        It protects you from fire.
   SInv:      It lets you see invisible.
 N - the +3 leather armour of Imperfection {*Slow +Blink rPois Slay+4}
   (You found it on level 7 of the Dungeon)

   Slay:      It affects your accuracy & damage with ranged weapons and melee
   (+4).
   rPois:     It protects you from poison.
   +Blink:    It lets you blink.
   *Slow:     It may slow you when you take damage.
 Q - +0 steam dragon scales
Jewellery
 h - a +6 ring of dexterity (right hand)
 j - a +4 ring of protection
 r - a ring of poison resistance (left hand)
 v - an amulet of regeneration (around neck)
 x - an amulet of the acrobat
 E - an amulet of magic regeneration
Wands
 c - a wand of quicksilver (9)
 J - a wand of mindburst (3)
Scrolls
 g - a scroll of poison
 i - 2 scrolls of immolation
 m - 2 scrolls of fog
 n - 2 scrolls of vulnerability
 s - 2 scrolls of amnesia
 t - a scroll of fear
 z - 7 scrolls of teleportation
Potions
 f - 8 potions of curing
 l - a potion of berserk rage
 o - 2 potions of heal wounds
 u - 2 potions of brilliance
 w - 3 potions of invisibility
 A - 2 potions of resistance
 B - 4 potions of flight
 G - 2 potions of might
 H - a potion of haste
 M - a potion of cancellation
 O - a potion of mutation


   Skills:
 - Level 5.0 Fighting
 + Level 9.0 Long Blades
 - Level 5.0 Throwing
 - Level 5.0 Armour
 - Level 5.0 Dodging
 - Level 5.0 Stealth
 - Level 10.0 Invocations
 - Level 5.0 Evocations


You had 10 spell levels left.
You didn't know any spells.
Your spell library contained the following spells:

 Spells                   Type           Power      Damage    Failure   Level
 Blink                    Tloc           0%         N/A       86%         2
 Cigotuvi's Dreadful Rot  Necr/Pois/Air  0%         N/A       86%         2
 Lesser Beckoning         Tloc           0%         N/A       86%         2
 Momentum Strike          Conj/Tloc      0%         3d8       86%         2
 Frozen Ramparts          Ice            0%         1d1       97%         3
 Hailstorm                Conj/Ice       0%         3d3       97%         3
 Ignite Poison            Fire/Tmut/Pois 0%         N/A       97%         3
 Portal Projectile        Hex/Tloc       0%         N/A       97%         3
 Ice Form                 Ice/Tmut       0%         N/A       100%        4
 Leda's Liquefaction      Hex/Erth       0%         N/A       100%        4
 Olgreb's Toxic Radiance  Pois           0%         N/A       100%        4
 Fireball                 Conj/Fire      0%         3d3       100%        5
 Freezing Cloud           Conj/Ice/Air   0%         6-21      100%        5
 Iskenderun's Battlesphe  Conj           0%         2d6       100%        5
 Conjure Ball Lightning   Conj/Air       0%         3x3d6     100%        6
 Orb of Destruction       Conj           0%         9d5       100%        7
 Borgnjor's Revivificati  Necr           0%         N/A       100%        8
 Discord                  Hex            0%         N/A       100%        8
 Ignition                 Fire           0%         3d3       100%        8
 Necromutation            Tmut/Necr      0%         N/A       100%        8
 Death's Door             Necr           0%         N/A       100%        9
 Call Canine Familiar     Summ           Unusable   N/A       N/A         3
 Summon Ice Beast         Ice/Summ       Unusable   N/A       N/A         4
 Simulacrum               Ice/Necr       Unusable   N/A       N/A         6

Dungeon Overview and Level Annotations

Branches:
Dungeon (10/15)            Temple (1/1) D:6           Sewer (visited)
   Lair: D:8-11         Orc: D:9-12

Altars:
Ashenzari
Cheibriados
Dithmenos
Fedhas
Gozag
Hepliaklqana
Kikubaaqudgha
Makhleb
Nemelex Xobeh
Okawaru
Qazlal
Ru
Sif Muna
Trog
Uskayaw
Vehumet
Wu Jian
Xom
Yredelemnul

Shops:
D:6 *

Annotations:
D:7 3 runed translucent doors, mnelsen79's ghost, novice MiBe


Innate Abilities, Weirdness & Mutations

You have a pair of large antennae on your head. (SInv)
Your demonic aura sometimes causes spilled blood to erupt in flames.
You are partially covered in sharp spines.
When seriously injured, your blood forms thick armour. (AC +9)
You have sharp toenails.
You are robust. (+10% HP)
You occasionally lose the ability to read scrolls when taking damage.


Message History

m - 2 scrolls o' fog A basilisk comes inta view.
Tha helpless basilisk fails ta defend itself.
Ye slash tha basilisk!
Ye burn tha basilisk.
Tha basilisk be moderately wounded.
Tha basilisk be 'ngulfed in blazin' flames.
Tha basilisk gazes at ye.
Ye resist wit' almost nay effort.
Ye barely miss tha basilisk.
Tha basilisk be severely wounded.
Tha basilisk be 'ngulfed in blazin' flames.
Ye kill tha basilisk!
Okawaru accepts yer kill.
Nay target in view!
Nay target in view!
f - 8 potions o' curin' (gain'd 2)
A wyvern comes inta view.
An acid dragon comes inta view.
Tha acid dragon roars!
A wyvern comes inta view.
Tha acid dragon spits acid at ye.
Tha splash o' acid hits ye!!
Tha acid corrodes ye!
Tha wyvern hisses angrily. x2
Ye take 25 damage, an' haf 61/86 hp.
MASSIVE DAMAGE!!
Tha wyvern bites ye!!
Yer blood congeals inta armour.
Ye take 16 damage, an' haf 46/86 hp.
Ye hit tha wyvern but do nay damage.
Yer kick misses tha wyvern.
Tha wyvern be struck by yer spines.
Tha wyvern misses ye.
Tha wyvern bites ye!
Ye take 9 damage, an' haf 37/86 hp.
Ye can now deal lightnin'-fast blows.
Tha wyvern be struck by yer spines.
Tha wyvern barely misses ye.
Tha acid dragon spits acid at ye.
Tha splash o' acid hits ye!!
Ye feel threaten'd an' lose tha ability ta read scrolls!
* * * LOW HITPOINT WARNIN'
* * * Tha wyvern hisses menacin'ly.
Tha wyvern bites ye!
* * * LOW HITPOINT WARNIN'
* * * Tha wyvern be struck by yer spines.
Tha wyvern bites ye!
Ye die...

# ####.## ###
###..#..###
..##.#...#....
#.##..l..#... # ##
#####...○@l......
###.####.........D.....#
...###........##.###..#.
..........##.#.### #.#
.###.######..### # ##
### #### {


You could see 2 wyverns and an acid dragon (catching breath).

Vanquished Creatures
  A two-headed ogre (D:9)
  Pikel (D:6)
  Joseph (D:7)
  A gargoyle (D:10)
  An unseen horror (D:9)
  Maggie (D:7)
  Prince Ribbit (D:7)
  Grinder (D:4)
  Sigmund (D:5)
  A vampire (D:9)
  A wyvern (D:6)
  4 yaks (D:9)
  A basilisk (D:10)
  Menkaure (D:7)
  4 water moccasins
  2 black bears
  2 sky beasts
  3 orc warriors
  An ogre (D:6)
  3 centaurs
  2 phantoms
  2 kobold brigands
  2 elf zombies (D:6)
  5 necrophages (D:4)
  5 bullfrogs
  2 scorpions (D:5)
  A gnoll sergeant (D:4)
  5 wights (D:7)
  2 elf skeletons (D:6)
  5 killer bees (D:9)
  11 howler monkeys
  A jelly (D:5)
  3 hounds
  2 human zombies (D:6)
  3 orc priests
  2 gnoll boudas
  3 iguanas
  A sleepcap (D:5)
  A scorpion zombie (D:4)
  6 orc wizards
  15 gnolls
  7 adders
  A shadow imp (D:6)
  A white imp (D:6)
  An ufetubus (D:6)
  An adder zombie (D:4)
  3 worms
  4 dart slugs
  28 orcs
  8 bats
  4 endoplasms
  9 giant cockroaches
  4 goblins
  7 hobgoblins
  13 jackals
  18 kobolds
  3 quokkas
  12 ball pythons
  5 frilled lizards
  11 rats
251 creatures vanquished.

Vanquished Creatures (others)
  A human (D:9)
1 creature vanquished.

Grand Total: 252 creatures vanquished

Notes
Turn   | Place    | Note
-------+----------+-------------------------------------------
     0 | D:1      | ProzacElf the Demonspawn Gladiator began the quest for the
                  | Orb.
     0 | D:1      | Reached XP level 1. HP: 16/16 MP: 1/1
   254 | D:1      | Gained mutation: When seriously injured, your blood forms
                  | armour. (AC +9) [demonic ancestry]
   254 | D:1      | Reached XP level 2. HP: 13/22 MP: 2/2
   647 | D:1      | Found a faded altar of an unknown god.
   669 | D:1      | Prayed at the altar of an unknown god.
   669 | D:1      | Became a worshipper of Warmaster Okawaru
   669 | D:1      | Reached * piety under Okawaru
   748 | D:1      | Gained mutation: You have a pair of small antennae on your
                  | head. [demonic ancestry]
   748 | D:1      | Reached XP level 3. HP: 27/27 MP: 3/3
  1298 | D:2      | Reached skill level 1 in Invocations
  1479 | D:1      | Gained mutation: You have a pair of antennae on your head.
                  | [demonic ancestry]
  1479 | D:1      | Reached XP level 4. HP: 14/33 MP: 5/5
  1619 | D:2      | Reached skill level 2 in Invocations
  1636 | D:2      | Gained mutation: Armour fits poorly on your strangely
                  | shaped body. [potion of mutation]
  1636 | D:2      | Gained mutation: You expend magic power (3 MP) to
                  | strengthen your wands. [potion of mutation]
  2577 | D:3      | Gained mutation: Your demonic aura sometimes causes spilled
                  | blood to erupt in flames. [demonic ancestry]
  2577 | D:3      | Reached XP level 5. HP: 34/38 MP: 5/7
  3136 | D:4      | Found an ornate altar of the Wu Jian Council.
  3170 | D:4      | Reached skill level 3 in Invocations
  3384 | D:4      | Noticed Grinder
  3402 | D:4      | Killed Grinder
  3403 | D:4      | Reached skill level 4 in Invocations
  3403 | D:4      | Gained mutation: You have a pair of large antennae on your
                  | head. (SInv) [demonic ancestry]
  3403 | D:4      | Reached XP level 6. HP: 16/44 MP: 6/9
  3969 | D:4      | Found an iron altar of Okawaru.
  4015 | D:4      | Found a blossoming altar of Fedhas.
  4099 | D:4      | Gained mutation: You are partially covered in sharp spines.
                  | [demonic ancestry]
  4099 | D:4      | Reached XP level 7. HP: 26/50 MP: 8/10
  4103 | D:4      | Reached skill level 5 in Invocations
  4113 | D:4      | Reached ** piety under Okawaru
  4114 | D:4      | Reached skill level 5 in Long Blades
  4114 | D:4      | Reached skill level 5 in Dodging
  4235 | D:4      | Reached skill level 6 in Invocations
  4562 | D:5      | Entered Level 5 of the Dungeon
  4582 | D:5      | Found a shimmering altar of Xom.
  4884 | D:5      | Reached skill level 7 in Invocations
  4884 | D:5      | Reached XP level 8. HP: 39/56 MP: 13/13
  5266 | D:5      | Noticed Sigmund
  5295 | D:5      | Reached skill level 1 in Armour
  5373 | D:5      | Reached *** piety under Okawaru
  5374 | D:5      | Reached skill level 8 in Invocations
  5376 | D:5      | Killed Sigmund
  5481 | D:5      | Found a bloodstained altar of Trog.
  5911 | D:6      | Found Luvveyck's Neck Hole.
  6031 | D:6      | Reached skill level 9 in Invocations
  6183 | D:6      | Gained mutation: When seriously injured, your blood forms
                  | thick armour. (AC +9) [demonic ancestry]
  6183 | D:6      | Reached XP level 9. HP: 58/61 MP: 15/15
  6200 | D:6      | Found a glowing drain.
  6215 | Sewer    | Entered a sewer
  6658 | D:6      | Reached **** piety under Okawaru
  6940 | D:6      | Found a hazy altar of Hepliaklqana.
  7066 | D:6      | Found a snail-covered altar of Cheibriados.
  7240 | D:6      | Lost mutation: You expend magic power (3 MP) to strengthen
                  | your wands. [potion of mutation]
  7240 | D:6      | Lost mutation: Armour fits poorly on your strangely shaped
                  | body. [potion of mutation]
  7240 | D:6      | Gained mutation: You are robust. (+10% HP) [potion of
                  | mutation]
  7240 | D:6      | Gained mutation: You occasionally lose the ability to read
                  | scrolls when taking damage. [potion of mutation]
  7240 | D:6      | Gained mutation: You have sharp toenails. [potion of
                  | mutation]
  7271 | D:6      | Found a staircase to the Ecumenical Temple.
  7271 | D:6      | Noticed Pikel
  7273 | D:6      | Killed Pikel
  7274 | D:6      | Reached skill level 5 in Throwing
  7274 | D:6      | Reached skill level 5 in Armour
  7274 | D:6      | Reached skill level 10 in Invocations
  7279 | Temple   | Entered the Ecumenical Temple
  7475 | D:7      | Identified the +3 leather armour "Farphobewk" {rCorr Str-5
                  | Int+5}
  7720 | D:7      | Reached ***** piety under Okawaru
  7841 | D:7      | Reached skill level 5 in Stealth
  7906 | D:7      | Reached skill level 1 in Evocations
  8013 | D:7      | Reached XP level 10. HP: 74/74 MP: 17/17
  8050 | D:7      | Identified the +3 leather armour of Imperfection {*Slow
                  | +Blink rPois Slay+4}
  8067 | D:7      | Noticed Menkaure
  8070 | D:7      | Killed Menkaure
  8104 | D:7      | Noticed Maggie
  8107 | D:7      | Noticed Joseph
  8136 | D:7      | Killed Joseph
  8143 | D:7      | Killed Maggie
  8499 | D:7      | Noticed Prince Ribbit
  8520 | D:7      | Killed Prince Ribbit
  8721 | D:7      | Found a runed translucent gate.
  8721 | D:7      | Found a runed translucent gate.
  8721 | D:7      | Found a runed translucent gate.
  8727 | D:7      | Noticed mnelsen79's ghost (novice MiBe)
  8785 | D:7      | Found a stormy altar of Qazlal.
  8785 | D:7      | Found a shimmering blue altar of Sif Muna.
  9088 | D:8      | Found a shadowy altar of Dithmenos.
  9315 | D:8      | Reached skill level 5 in Fighting
  9658 | D:9      | Identified the +4 chain mail "Jymaryz" {rF+ Str-4 SInv}
                  | (Okawaru gifted it to you on level 9 of the Dungeon)
  9658 | D:9      | Received a gift from Okawaru
  9806 | D:9      | Reached skill level 5 in Evocations
 10345 | D:6      | Bought an amulet of regeneration for 360 gold pieces
 10794 | D:9      | Found an ancient bone altar of Kikubaaqudgha.
 10869 | D:9      | Found a sacrificial altar of Ru.
 10872 | D:9      | Found a burning altar of Makhleb.
 10875 | D:9      | Found a sparkling altar of Nemelex Xobeh.
 10988 | D:10     | Entered Level 10 of the Dungeon
 11038 | D:10     | Noticed a gargoyle
 11040 | D:10     | Noticed a two-headed ogre
 11060 | D:9      | HP: 4/81 [two-headed ogre/+0 giant club (7)]
 11063 | D:9      | Killed a two-headed ogre
 11064 | D:9      | Reached XP level 11. HP: 15/86 MP: 18/18
 11261 | D:10     | Mangled by a wyvern

Illustrated notes

Levels and vault maps discovered:
D:1:      eino_arrival_water_cross, layout_basic, basic_ecumenical_altar,
          minmay_misc_feat_doors
D:2:      layout_loops_ring
D:3:      layout_basic
D:4:      layout_loops_ring, mainiacjoe_overflow_tiny_flanked,
          lemuel_tele_altar, fedhas_altar_decomposition, uniq_grinder
D:5:      layout_loops_cross, mainiacjoe_overflow_small_starburst, tgw_xom,
          serial_rivers, chequers_serial_rivers_small_b,
          chequers_serial_rivers_micro_b, chequers_serial_rivers_micro_b,
          chequers_serial_rivers_room_a, uniq_sigmund
D:6:      layout_basic, cheibrodos_worm_habitat,
          worldfamousw_hep_ancestral_shrine, minmay_temple_entry_fiery,
          nicolae_ossuary_entry_catacombs, portal_sewer_entry_f,
          nicolae_shop_sticking_my_neck_out, uniq_pikel
D:7:      layout_basic, gammafunk_temple_overflow_wave,
          gammafunk_ghost_nasty_kobolds, serial_park_tiny_pond,
          hangedman_abyss_or_decor_lesser_grid, uniq_maggie, uniq_menkaure,
          uniq_joseph, uniq_prince_ribbit1
D:8:      layout_cave_pods, kennysheep_mini
D:9:      nicolae_cairo_tiling, layout_long_grid, tgw_kikubaaqudgha,
          grunt_temple_overflow_diamond
D:10:     layout_rooms, mainiacjoe_overflow_boulevard, erik_lair_dragon,
          minmay_quadrilaterals
Temple:   nicolae_temple_little_seven

Skill      XL: |  1  2  3  4  5  6  7  8  9 10 11 |
---------------+----------------------------------+-----
Throwing       | 2 4 5 |  5.0
Long Blades    | 3 4 5 6 8 9 |  9.0
Dodging        | 3 4 5 |  5.0
Invocations    | 1 2 4 7 9 10 | 10.0
Armour         | 3 5 |  5.0
Stealth        | 5 |  5.0
Evocations     | 1 5 |  5.0
Fighting       | 5 |  5.0

Action                     |  1- 3 |  4- 6 |  7- 9 | 10-12 || total
---------------------------+-------+-------+-------+-------++-------
  Melee: Long sword        |   165 |    89 |   129 |   129 ||   512
         Whip              |       |    98 |   262 |    11 ||   371
         Punch             |       |     4 |     7 |     2 ||    13
         Hand axe          |       |       |    10 |       ||    10
         Kick              |       |       |    31 |    52 ||    83
         Falchion          |       |       |    29 |       ||    29
         Scimitar          |       |       |     1 |    23 ||    24
  Throw: Throwing net      |       |     3 |       |       ||     3
         Dart              |       |       |       |    11 ||    11
 Invoke: Heroism           |       |     3 |     1 |       ||     4
         Finesse           |       |       |       |     1 ||     1
  Evoke: Wand              |       |       |       |     2 ||     2
    Use: Potion            |       |     6 |     2 |     1 ||     9
         Scroll            |       |       |    11 |     3 ||    14
   Stab: Sleeping          |       |       |       |     3 ||     3
 Armour: Leather armour    |    43 |       |       |       ||    43
         Scale mail        |    28 |    58 |    96 |    43 ||   225
  Dodge: Dodged            |   141 |    80 |   266 |   119 ||   606

Action                     |  1- 3 |  4- 6 |  7- 9 | 10-12 || total
---------------------------+-------+-------+-------+-------++-------
  Melee: Long sword        |   165 |    89 |   129 |   129 ||   512
         Whip              |       |    98 |   262 |    11 ||   371
         Punch             |       |     4 |     7 |     2 ||    13
         Hand axe          |       |       |    10 |       ||    10
         Kick              |       |       |    31 |    52 ||    83
         Falchion          |       |       |    29 |       ||    29
         Scimitar          |       |       |     1 |    23 ||    24
  Throw: Throwing net      |       |     3 |       |       ||     3
         Dart              |       |       |       |    11 ||    11
 Invoke: Heroism           |       |     3 |     1 |       ||     4
         Finesse           |       |       |       |     1 ||     1
  Evoke: Wand              |       |       |       |     2 ||     2
    Use: Potion            |       |     6 |     2 |     1 ||     9
         Scroll            |       |       |    11 |     3 ||    14
   Stab: Sleeping          |       |       |       |     3 ||     3
 Armour: Leather armour    |    43 |       |       |       ||    43
         Scale mail        |    28 |    58 |    96 |    43 ||   225
  Dodge: Dodged            |   141 |    80 |   266 |   119 ||   606

Levels and vault maps discovered:
D:1:      eino_arrival_water_cross, layout_basic, basic_ecumenical_altar,
          minmay_misc_feat_doors
D:2:      layout_loops_ring
D:3:      layout_basic
D:4:      layout_loops_ring, mainiacjoe_overflow_tiny_flanked,
          lemuel_tele_altar, fedhas_altar_decomposition, uniq_grinder
D:5:      layout_loops_cross, mainiacjoe_overflow_small_starburst, tgw_xom,
          serial_rivers, chequers_serial_rivers_small_b,
          chequers_serial_rivers_micro_b, chequers_serial_rivers_micro_b,
          chequers_serial_rivers_room_a, uniq_sigmund
D:6:      layout_basic, cheibrodos_worm_habitat,
          worldfamousw_hep_ancestral_shrine, minmay_temple_entry_fiery,
          nicolae_ossuary_entry_catacombs, portal_sewer_entry_f,
          nicolae_shop_sticking_my_neck_out, uniq_pikel
D:7:      layout_basic, gammafunk_temple_overflow_wave,
          gammafunk_ghost_nasty_kobolds, serial_park_tiny_pond,
          hangedman_abyss_or_decor_lesser_grid, uniq_maggie, uniq_menkaure,
          uniq_joseph, uniq_prince_ribbit1
D:8:      layout_cave_pods, kennysheep_mini
D:9:      nicolae_cairo_tiling, layout_long_grid, tgw_kikubaaqudgha,
          grunt_temple_overflow_diamond
D:10:     layout_rooms, mainiacjoe_overflow_boulevard, erik_lair_dragon,
          minmay_quadrilaterals
Temple:   nicolae_temple_little_seven
